 Dungeon Crawl Stone Soup version 0.16.1-16-gc44b35d (webtiles) character file.

406 ventricule the Slasher (level 7, -6/52 HPs)
             Began as a Formicid Chaos Knight on Apr 17, 2015.
             Killed by divine providence
             ... invoked by an orc priest
              (11 damage)
             ... on level 4 of the Dungeon.
             The game lasted 00:10:46 (4528 turns).

ventricule the Slasher (Formicid Chaos Knight)      Turns: 4528, Time: 00:10:46

Health: -6/52      AC:  5    Str: 17    XL:     7   Next: 12%
Magic:  8/8        EV: 10    Int: 11    God:    Xom [*.....]
Gold:   3424       SH: 11    Dex: 12    Spells: 0 memorised, 6 levels left

rFire  . . .     SeeInvis +     d - -1 blowgun (curse)
rCold  . . .     Clarity  .     b - +2 leather armour
rNeg   . . .     SustAb   .     k - +2 shield
rPois  +         Gourm    .     (helmet unavailable)
rElec  .         Spirit   .     (no cloak)
rCorr  .         Warding  .     (no gloves)
rMut   .         Stasis   +     (no boots)
MR     .....                    (no amulet)
Stlth  ..........               l - ring of poison resistance
                                n - ring of loudness (curse)

@: not resistant to hostile enchantments, extremely unstealthy
A: permanent stasis, dig shafts and tunnels, four strong arms, antennae 3, low
mp 1
a: Dig, Shaft Self, Renounce Religion


You were on level 4 of the Dungeon.
You worshipped Xom.
You were a special plaything of Xom.
You were not hungry.

You visited 1 branch of the dungeon, and saw 6 of its levels.

You collected 3424 gold pieces.


Innate Abilities, Weirdness & Mutations

You are under a permanent stasis effect.
You can dig through walls and to a lower floor.
Your four strong arms can wield two-handed weapons with a shield.
You have a pair of large antennae on your head (SInv).
Your magical capacity is low (-10% MP).


   Skills:
 - Level 3.3 Fighting
 + Level 6.1 Long Blades
 - Level 2.3 Armour
 - Level 1.0 Dodging
 + Level 4.6 Shields


You had 6 spell levels left.
You didn't know any spells.

Inventory:

Hand weapons
 a - a +0 falchion of chaos
 d - a cursed -1 blowgun (weapon)
Armour
 b - a +2 leather armour (worn)
 k - a +2 shield (worn)
Jewellery
 l - a ring of poison resistance (right hand)
 n - a cursed ring of loudness (left hand)
Magical devices
 j - a wand of slowing (28)
 p - a wand of digging (11)
Potions
 h - 5 potions of curing {@q1}
 i - a potion of resistance {unknown}
 m - a potion of mutation {unknown}
Comestibles
 c - a bread ration
 f - 2 meat rations
 g - a royal jelly

Dungeon Overview and Level Annotations

Branches:
Dungeon (6/15)
 Temple: D:4-7

Altars:
Yredelemnul

Shops:
D:4 :

Annotations:
D:4 Grinder

..#.#.....# #(# ###.#.#.#.# #.##
....#.#.#.# #..###
#####.#.#.######....#
......#.#.....##....#
######<.#####.##....# # ## ...#
#..# #...##..# ...
##.###..#######.###.#####(#####♣#
...............5a.o)(.(()((..♣.∩.
.#.#.#.########.###..#.##.#....♣.
[..#.#.########......#.#....#.#.#
...#.#...{...#######.#...!.<(.#.#
##.#.#######.# #.....#.#..##..#.#
#.#....#..#.###.#...#....#{....#
##.####.#..#.#....#..### .#.#####
.#.# #.#..#.#.#..#.....#.#.ooSZ.
.#.####.##.#...#.J#....).....#...


You could see an orc priest and a friendly iron imp.


Message History

You barely miss the orc priest.
The orc priest is moderately wounded.
The orc priest hits you with a club.
* * * LOW HITPOINT WARNING * * *
You clumsily bash the orc priest but do no damage.
The orc priest is moderately wounded.
The orc priest hits you with a club.
* * * LOW HITPOINT WARNING * * *
The orc priest hits you but does no damage.
You barely miss the orc priest.
The orc priest is moderately wounded.
The orc priest hits you but does no damage.
You closely miss the orc priest.
The orc priest is moderately wounded.
The orc priest hits you with a club.
* * * LOW HITPOINT WARNING * * *
You block the orc priest's attack.
Grinder shouts!
You clumsily bash the orc priest but do no damage.
The orc priest is moderately wounded.
Grinder gestures.
Grinder blinks!
The orc priest hits you but does no damage.
You closely miss the orc priest.
The orc priest is moderately wounded. "Serve the mortal, my child!"
You block the orc priest's attack.
The orc priest calls down the wrath of Beogh upon you.
Something smites you!
You die...

Action                   |  1- 3 |  4- 6 |  7- 9 || total
-------------------------+-------+-------+-------++-------
Melee: Falchion          |    64 |   196 |       ||   260
       Blowgun           |       |     1 |    29 ||    30
 Fire: Blowgun           |       |    41 |    17 ||    58
 Abil: Dig               |       |     7 |       ||     7
       Shaft Self        |       |     1 |       ||     1
  Use: Scroll            |       |     6 |       ||     6
 Stab: Paralysed         |       |     3 |       ||     3
       Distracted        |       |     1 |       ||     1
  Eat: Chunk             |       |     4 |     2 ||     6
       Pizza             |       |     1 |       ||     1
       Meat ration       |       |     1 |       ||     1

Vault maps used:
D:1:      dpeg_arrival_simpleton_c
D:2:      uniq_jessica
D:3:      lemuel_crystal_altar, uniq_sigmund, uniq_natasha
D:4:      serial_shops, nicolae_shop_trees, uniq_grinder
D:5:      first_bread, minmay_misc_feat_diagonals
D:6:      beetle_altar_1, xom_butterflies, minmay_temple_entry_junction2,
          uniq_duvessa, uniq_menkaure

Notes
Turn   | Place    | Note
--------------------------------------------------------------
     0 | D:1      | ventricule, the Formicid Chaos Knight, began the quest for the Orb.
     0 | D:1      | Reached XP level 1. HP: 18/18 MP: 1/1
    25 | D:1      | XOM: divination: detect creatures
   102 | D:1      | Reached skill level 1 in Dodging
   156 | D:1      | Reached XP level 2. HP: 21/24 MP: 3/3
   186 | D:1      | XOM: silly message
   224 | D:1      | XOM: noise
   312 | D:1      | XOM is BORED!
   312 | D:1      | XOM: give mutation
   312 | D:1      | Gained mutation: Your magical capacity is low (-10% MP). [Xom's mischief]
   357 | D:1      | XOM: summons 3 hostile shadow creatures
   499 | D:1      | XOM: god gift: 3250 gold pieces
   543 | D:1      | XOM: polymorph hobgoblin -> jelly
   561 | D:1      | XOM: potion effect (agility)
   563 | D:1      | Reached skill level 4 in Long Blades
   563 | D:1      | Reached XP level 3. HP: 18/29 MP: 3/3
   563 | D:1      | Reached XP level 4. HP: 21/35 MP: 4/4
   737 | D:1      | XOM: smoke on damage
  1257 | D:2      | XOM: silly message
  1508 | D:2      | XOM: harmless Air miscast
  1530 | D:2      | XOM: medium Necr miscast
  1998 | D:2      | Noticed Jessica
  2006 | D:2      | Killed Jessica
  2006 | D:2      | Reached skill level 1 in Shields
  2135 | D:2      | XOM: noise
  2467 | D:3      | Reached XP level 5. HP: 41/41 MP: 6/6
  2553 | D:3      | Noticed Sigmund
  2580 | D:3      | XOM: confusion (+ monsters)
  2582 | D:3      | XOM: silly message
  2709 | D:4      | Reached skill level 5 in Long Blades
  2709 | D:4      | Reached skill level 2 in Shields
  2855 | D:4      | Noticed Grinder
  2905 | D:3      | XOM: harmless Conj miscast
  2992 | D:3      | XOM: vitrification
  3047 | D:3      | Noticed Natasha
  3050 | D:3      | XOM: blink monster(s)
  3057 | D:3      | Killed Natasha
  3167 | D:3      | Found a basalt altar of Yredelemnul.
  3500 | D:3      | Killed Sigmund
  3500 | D:3      | Reached skill level 3 in Shields
  3500 | D:3      | Reached XP level 6. HP: 26/47 MP: 7/7
  3712 | D:4      | XOM: fog
  3719 | D:4      | You fall through a shaft for 2 floors!
  3728 | D:6      | XOM: harmless Divn miscast
  3734 | D:6      | Reached skill level 4 in Shields
  3995 | D:5      | Entered Level 5 of the Dungeon
  4065 | D:4      | XOM: vitrification
  4072 | D:4      | Found Ibi Mnoi's Book Shoppe.
  4080 | D:3      | Noticed Natasha
  4085 | D:3      | Killed Natasha
  4216 | D:4      | XOM: harmless Hex miscast
  4250 | D:4      | XOM: confusion
  4250 | D:4      | Reached skill level 6 in Long Blades
  4250 | D:4      | Reached XP level 7. HP: 19/52 MP: 8/8
  4329 | D:4      | XOM: god gift: jewelled silver wand {god gift}
  4488 | D:4      | XOM: enchant monster (bad)
  4525 | D:4      | HP: 4/52 [orc priest/club (4)]
  4527 | D:4      | XOM: summons friendly iron imp
  4528 | D:4      | Killed from afar by an orc priest

Vanquished Creatures
  Sigmund (D:3)
  A giant frog (D:6)
  A jelly (D:1)
  An iguana (D:4)
  2 orc wizards (D:4)
  Natasha (twice) (D:3)
  Jessica (D:2)
  3 adders
  A worm (D:4)
  6 orcs
  11 bats
  3 giant cockroaches
  3 hobgoblins (D:1)
  An ooze (D:4)
  A quokka (D:3)
  2 ball pythons
  6 giant newts
  8 goblins
  14 jackals
  5 kobolds
  A quokka skeleton (D:4)
  7 rats
81 creatures vanquished.
